Description

1.此图沃拉尊使用时间停止会激活骚扰部队抢夺天锁。 2.从17分钟以后,每两分钟,左右各刷一波红点。 详细信息:https://bbs.nga.cn/read.php?tid=17265336&forder_by=postdatedesc&rand=273

Build Order

Get SALT Encoding   

  1  4:00  Action  
  2  8:00  Action  
  3  11:00  Action 左+右  
  4  14:00  Action 左+右  
  5  17:00  Action 左+右  
  6  19:00  Action 左+右  
  7  21:00  Action 左+右  
  8  23:00  Action 左+右  
Spawning Tool Build Advisor. Get it on Overwolf

Go to:

Details

  • Created by: DCpro
  • Published on: Aug 06, 2021
  • Modified on: Aug 09, 2021
  • Patch: 4.11.0
  • Difficulty: Medium
Show
View Real Time Build Order
Export as new Build Order

Comments (0)

There are no comments. Be the first!

Create an account to comment!